 Dungeon Crawl Stone Soup version 0.28-a0-1382-g92835e5c71 (webtiles) character file.

Game seed: 17560332914994306684

617 ReploidZero the Covert (level 7, -1/40 HPs)
             Began as a Kobold Brigand on Jan 2, 2022.
             Slain by Clumpoid's ghost (11 damage)
             ... on level 3 of the Dungeon.
             The game lasted 00:19:50 (6582 turns).

ReploidZero the Covert (Kobold Brigand)             Turns: 6582, Time: 00:19:51

Health: -1/40      AC:  5    Str:  9    XL:     7   Next: 74%
Magic:  7/7        EV: 14    Int: 12    God:
Gold:   144        SH:  0    Dex: 18    Spells: 6/6 levels left

rFire   . . .      SeeInvis .   a - +2 dagger
rCold   . . .      Faith    .   (no shield)
rNeg    . . .      Spirit   .   b - +0 robe
rPois   .          Reflect  .   (no helmet)
rElec   .          Harm     .   c - +0 cloak
rCorr   .          Rampage  .   m - +1 pair of gloves
Will    .....                   (no boots)
Stlth   ++++++....              (no amulet)
HPRegen 0.13/turn               (no ring)
MPRegen 0.10/turn               (no ring)

@: no status effects
A: small, no large weapons, nightstalker 3
a: no special abilities


You were on level 3 of the Dungeon.
You visited 1 branch of the dungeon, and saw 4 of its levels.

You collected 144 gold pieces.

Inventory:

Hand Weapons
 a - a +2 dagger (weapon)
Missiles
 d - 14 poisoned darts
 e - 2 curare-tipped darts (quivered)
Armour
 b - a +0 robe (worn)
 c - a +0 cloak (worn)
 m - a +1 pair of gloves (worn)
Jewellery
 i - a +6 ring of strength
 p - a ring of positive energy
Wands
 h - a wand of flame (21)
Scrolls
 f - a scroll of amnesia
 g - a scroll of teleportation {unknown}
 j - a scroll of fog {unknown}
 l - a scroll of vulnerability {unknown}
 n - a scroll of enchant armour
Potions
 k - a potion of flight
 o - a potion of magic {unknown}


   Skills:
 + Level 2.4 Fighting
 + Level 3.0 Short Blades
 - Level 2.1 Throwing
 + Level 1.6 Dodging
 - Level 12.0 Stealth


You had 6 spell levels left.
You didn't know any spells.
Your spell library contained the following spells:

 Spells                   Type           Power      Damage    Failure   Level
 Magic Dart               Conj           0%         1d3       32%         1
 Pain                     Necr           0%         1d4       32%         1
 Call Imp                 Summ           0%         N/A       45%         2
 Mephitic Cloud           Conj/Pois/Air  0%         N/A       69%         3
 Animate Dead             Necr           0%         N/A       97%         4
 Olgreb's Toxic Radiance  Pois           0%         N/A       97%         4
 Agony                    Necr           0%         N/A       100%        5
 Borgnjor's Vile Clutch   Necr/Erth      0%         N/A       100%        5
 Excruciating Wounds      Necr           0%         N/A       100%        5
 Death Channel            Necr           0%         N/A       100%        6
 Ozocubu's Refrigeration  Ice            0%         4d5       100%        7
 Ignition                 Fire           0%         3d3       100%        8


Dungeon Overview and Level Annotations

Branches:
Dungeon (4/15)             Temple (0/1) D:4

Altars:
Cheibriados
Kikubaaqudgha
Makhleb

Annotations:
D:3 Clumpoid's ghost, amateur GnWn


Innate Abilities, Weirdness & Mutations

You are small and have problems with some larger weapons.
You are completely attuned to the shadows.


Message History

Your Short Blades skill increases to level 3!
Unknown command.
HP restored.
Done exploring.
Unknown command.
There is an open gate here.
The helpless bat zombie fails to defend itself.
You spit the bat zombie like a pig!!!
You destroy the bat zombie!
Done exploring.
Done exploring.
Done exploring.
There is a dry fountain here.
There is a dry fountain here.
There is an open gate here.
Clumpoid's ghost is nearby!
You hit Clumpoid's ghost but do no damage.
Clumpoid's ghost whispers, "You will understand me better in a moment."
Clumpoid's ghost hits you.
You hit Clumpoid's ghost but do no damage.
You hit Clumpoid's ghost but do no damage.
Clumpoid's ghost hits you!
You hit Clumpoid's ghost but do no damage.
Clumpoid's ghost hits you but does no damage.
You hit Clumpoid's ghost but do no damage.
Clumpoid's ghost hits you!
You hit Clumpoid's ghost but do no damage.
Clumpoid's ghost hits you!
You closely miss Clumpoid's ghost. Clumpoid's ghost hits you!
* * * LOW HITPOINT WARNING * * *
Okay, then.
Okay, then.
Unknown command.
Unknown command.
Unknown command.
Unknown command.
Clumpoid's ghost hits you but does no damage.
Clumpoid's ghost says, "Are you sure you're pointing that wand in the right direction?"
Clumpoid's ghost hits you!
You die...

..##...............########
####.#....................#
#.####################.#
#.# #.# #.# #.# ####.# #.#
.....# #.#
#########################.#
................@W........#
###########################


You could see Clumpoid's ghost.

Vanquished Creatures
  A scorpion (D:4)
  2 vampire bats (D:3)
  4 hounds
  A centaur zombie (D:3)
  A bullfrog skeleton (D:3)
  2 orc wizards
  3 iguanas (D:4)
  7 adders
  5 worms (D:2)
  A dart slug (D:3)
  11 orcs
  4 bats
  5 bat skeletons (D:3)
  2 bat zombies (D:3)
  8 endoplasms
  3 giant cockroaches
  5 goblins
  4 hobgoblins
  8 kobolds
  4 quokkas
  5 ball pythons
  5 frilled lizards
  4 rats
95 creatures vanquished.

Notes
Turn   | Place    | Note
-------+----------+-------------------------------------------
     0 | D:1      | ReploidZero the Kobold Brigand began the quest for the Orb.
     0 | D:1      | Reached XP level 1. HP: 12/12 MP: 1/1
   282 | D:1      | Reached XP level 2. HP: 11/17 MP: 2/2
   400 | D:1      | Reached skill level 6 in Stealth
   954 | D:1      | Reached XP level 3. HP: 21/21 MP: 3/3
  1667 | D:2      | Reached skill level 7 in Stealth
  1739 | D:2      | Found a burning altar of Makhleb.
  2127 | D:2      | Reached XP level 4. HP: 26/26 MP: 4/4
  2710 | D:3      | Reached skill level 8 in Stealth
  2774 | D:3      | Reached XP level 5. HP: 30/30 MP: 5/5
  3039 | D:3      | Found a runed translucent gate.
  3042 | D:3      | Found a runed translucent gate.
  3043 | D:3      | Found a runed translucent gate.
  3334 | D:3      | Found an ancient bone altar of Kikubaaqudgha.
  3400 | D:3      | Reached skill level 9 in Stealth
  3515 | D:3      | Reached XP level 6. HP: 32/35 MP: 6/6
  3693 | D:3      | Noticed Clumpoid's ghost (amateur GnWn)
  4063 | D:3      | Reached skill level 10 in Stealth
  4299 | D:4      | Reached XP level 7. HP: 40/40 MP: 7/7
  4348 | D:4      | Reached skill level 11 in Stealth
  4408 | D:3      | HP: 1/40 [orc (9)]
  5373 | D:4      | Found a burning altar of Makhleb.
  5455 | D:4      | Found a snail-covered altar of Cheibriados.
  5841 | D:4      | Found a staircase to the Ecumenical Temple.
  6169 | D:2      | Reached skill level 12 in Stealth
  6582 | D:3      | Slain by Clumpoid's ghost

Illustrated notes

Levels and vault maps discovered:
D:1:      dpeg_arrival_oval, layout_basic, nicolae_figureground_pulse
D:2:      layout_rooms, basic_altar, minmay_tripent
D:3:      layout_basic, kennysheep_vampire_church, gammafunk_ghost_necromancy,
          nicolae_elevator_lobby_plus
D:4:      layout_rooms, makhleb_heckhound_becter, mainiacjoe_overflow_paths,
          gammafunk_temple_overflow_pools, minmay_temple_entry_purple_smoke,
          minmay_misc_feat_enclosed, cheibrodos_gnoll_hut

Skill      XL: |  1  2  3  4  5  6  7 |
---------------+----------------------+-----
Stealth        | 6 7 8 9 10 12 | 12.0
Short Blades   | 3 |  3.0
Fighting       | |  2.4
Throwing       | |  2.1
Dodging        | |  1.6

Action                   |  1- 3 |  4- 6 |  7- 9 || total
-------------------------+-------+-------+-------++-------
Melee: Dagger            |    92 |   159 |   151 ||   402
Throw: Dart              |    16 |       |     7 ||    23
  Use: Scroll            |       |     7 |       ||     7
       Potion            |       |     2 |     2 ||     4
 Stab: Sleeping          |    18 |    25 |     5 ||    48
       Distracted        |       |     1 |       ||     1
       Invisible         |       |       |     3 ||     3
Armor: Robe              |    14 |    45 |    54 ||   113
Dodge: Dodged            |    55 |   131 |   110 ||   296

Table legend: (Time is in decaauts)
 A = Elapsed time spent in this place.
 B = Non-inter-level travel time spent in this place.
 C = Inter-level travel time spent in this place.
 D = Time resting spent in this place.
 E = Time spent auto-exploring this place.
 F = Levels seen in this place.
 G = Mean time per level.
                   A        B        C        D        E       F      G
               +--------+--------+--------+--------+--------+-----+--------+
         Total |   6516 |   6156 |    360 |      0 |   4792 |   4 | 1629.0 |
       Dungeon |   6516 |   6156 |    360 |      0 |   4792 |   4 | 1629.0 |
               +--------+--------+--------+--------+--------+-----+--------+

Top non-repeatable levels by time:
     D:3: 2273 daAuts
     D:2: 2030 daAuts
     D:1: 1255 daAuts
     D:4: 957 daAuts
